 Dungeon Crawl Stone Soup version 0.28-a0-750-g7c675f85b1 (webtiles) character file.

Game seed: 2840577875806930798

516 willcat the Covert (level 7, -10/44 HPs)
             Began as a Deep Elf Delver on Oct 29, 2021.
             Was an Initiate of Ashenzari.
             Mangled by a wyvern (13 damage)
             ... on level 8 of the Dungeon.
             The game lasted 00:05:06 (1944 turns).

willcat the Covert (Deep Elf Delver)                Turns: 1944, Time: 00:05:06

Health: -10/44     AC:  3    Str:  9    XL:     7   Next: 0%
Magic:  11/11      EV: 14    Int: 21    God:    Ashenzari [......]
Gold:   58         SH:  0    Dex: 16    Spells: 6/9 levels left

rFire   . . .      SeeInvis .   a - +8 quarterstaff "Wopovi" {freeze, *Corrode rPois Int+4}
rCold   . . .      Faith    .   (shield currently unavailable)
rNeg    . . .      Spirit   .   e - +0 leather armour "Shattered Seeker" {Comp, Cun} (curse)
rPois   +          Reflect  .   (helmet restricted)
rElec   .          Harm     .   (no cloak)
rCorr   .          Rampage  .   (no gloves)
Will    .....                   (no boots)
Stlth   +++++.....              (no amulet)
HPRegen 0.14/turn               (no ring)
MPRegen 0.12/turn               (no ring)

@: no status effects
A: horns 1, camouflage 1, poison resistance, robust 1
a: Renounce Religion, Curse Item, Shatter the Chains


You were on level 8 of the Dungeon.
You worshipped Ashenzari.
Ashenzari was noncommittal.
You visited 1 branch of the dungeon, and saw 4 of its levels.

You collected 58 gold pieces.

Inventory:

Hand Weapons
 a - the +8 quarterstaff "Wopovi" (weapon) {freeze, *Corrode rPois Int+4}
   (You found it on level 8 of the Dungeon)

   It freezes those it strikes, dealing additional cold damage.
   It can also slow down cold-blooded creatures.
   Int:       It affects your intelligence (+4).
   rPois:     It protects you from poison.
   *Corrode:  It may corrode you when you take damage.
 b - a +1 shortbow of freezing
 l - a +0 short sword
Missiles
 j - 15 arrows
Armour
 e - the cursed +0 leather armour "Shattered Seeker" (worn) {Comp, Cun}

   It has a curse which improves the following skills: Companions: Summonings
   and Necromancy.
   Cunning:   Dodging and Stealth.
Wands
 g - a wand of digging (2)
 n - a wand of acid (6)
Scrolls
 c - a scroll of fog
 d - 2 scrolls of magic mapping
 i - a scroll of identify {unknown}
 k - a scroll of enchant weapon {unknown}
 p - a scroll of teleportation {unknown}
 q - a scroll of holy word {unknown}
Potions
 f - a potion of haste
 h - a potion of mutation
 m - a potion of magic {unknown}
 r - a potion of invisibility {unknown}
 s - 2 potions of resistance {unknown}
 t - a potion of curing {unknown}


   Skills:
 - Level 2.4 Fighting
 - Level 4.3 Short Blades
 + Level 0.4 Staves
 + Level 0.6 Bows
 + Level 5.3(5.8) Dodging
 + Level 8.0(8.5) Stealth
 + Level 1.8 Spellcasting
 + Level 1.3 Translocations


You had 6 spell levels left.
You knew the following spells:

 Your Spells              Type           Power      Damage    Failure   Level
a - Gell's Gravitas       Tloc           3%         N/A       36%         3

Your spell library contained the following spells:

 Spells                   Type           Power      Damage    Failure   Level
 Lesser Beckoning         Tloc           7%         N/A       36%         3
 Teleport Other           Tloc           7%         N/A       36%         3
 Portal Projectile        Hex/Tloc       8%         N/A       43%         3
 Call Canine Familiar     Summ           2%         N/A       52%         3
 Animate Armour           Summ/Erth      4%         N/A       91%         4
 Leda's Liquefaction      Hex/Erth       0%         N/A       91%         4
 Blade Hands              Tmut           0%         N/A       99%         5
 Iron Shot                Conj/Erth      0%         9d1       100%        6


Dungeon Overview and Level Annotations

Branches:
Dungeon (8/15)             Temple (0/1) D:6
   Lair: D:8-11

Altars:
Ashenzari
Gozag
Qazlal
Sif Muna


Innate Abilities, Weirdness & Mutations

You have a pair of small horns on your head.
Your skin changes colour to match your surroundings (Stealth+).
Your system is resistant to poisons. (rPois)
You are robust. (+10% HP)


Message History

You shoot an arrow. The arrow hits the wyvern.
The arrow freezes the wyvern.
The wyvern is heavily wounded.
The wyvern closely misses you.
Unknown command.
Unknown command.
Your +1 shortbow of freezing stops glowing.
You feel clever.
The +8 quarterstaff "Wopovi" {freeze, *Corrode rPois Int+4} glows with a cold blue light!
a - the +8 quarterstaff "Wopovi" (weapon)
{freeze, *Corrode rPois Int+4} The wyvern bites you!
Unknown command.
You hit the wyvern. You freeze the wyvern.
The wyvern is heavily wounded.
The wyvern misses you. The wyvern bites you!
You hit the wyvern but do no damage.
The wyvern is heavily wounded.
The wyvern bites you but does no damage. x2
Unknown command.
Unknown command.
You hit the wyvern. You freeze the wyvern.
The wyvern is severely wounded.
The wyvern misses you. The wyvern bites you!
* * * LOW HITPOINT WARNING * * *
Unknown command.
You feel much better. The wyvern bites you!
Unknown command.
You closely miss the wyvern.
The wyvern is severely wounded.
The wyvern bites you! The wyvern closely misses you.
Unknown command.
You hit the wyvern. You freeze the wyvern.
The wyvern is almost dead.
The wyvern closely misses you. The wyvern barely misses you.
Unknown command.
You closely miss the wyvern.
The wyvern is almost dead.
The wyvern bites you!
* * * LOW HITPOINT WARNING * * *
The wyvern bites you!
You die...

#.# #.#.#####.
#..#.(......#.#.# #.
#..#....... # .
#..#.(.... #. ##
#..#^(... #.####
#..#.... .#.#.....
#..#.(. #.#.......
#..##l#######.######.#
#....@........######.#
#.##.######..#.......#
#....# #.#.......#
####.# #.#.......#
#.#######.......#.#
#.#...............#
#.#.###########...#
#.#.# ###.# #.#.# #.[


You could see a wyvern.

Vanquished Creatures
  A centaur (D:8)
  A necrophage (D:7)
  2 bullfrogs (D:8)
  2 scorpions
  A hound (D:5)
  A jelly (D:5)
  An orc wizard (D:8)
  A killer bee zombie (D:8)
  4 orcs
14 creatures vanquished.

Notes
Turn   | Place    | Note
-------+----------+-------------------------------------------
     0 | D:5      | willcat the Deep Elf Delver began the quest for the Orb.
     0 | D:5      | Reached XP level 1. HP: 13/13 MP: 3/3
     4 | D:5      | Found a stormy altar of Qazlal.
     5 | D:5      | Found an opulent altar of Gozag.
     7 | D:5      | Became a worshipper of Ashenzari the Shackled
    16 | D:5      | Noticed a jelly
    20 | D:5      | Killed a jelly
    21 | D:5      | Reached XP level 2. HP: 18/18 MP: 4/4
    21 | D:5      | Reached XP level 3. HP: 22/22 MP: 5/5
   118 | D:5      | Noticed an ogre
   156 | D:6      | Noticed a sky beast
   167 | D:6      | Found a staircase to the Ecumenical Temple.
   216 | D:6      | Noticed a scorpion
   223 | D:6      | Killed a scorpion
   224 | D:6      | Reached skill level 7 in Stealth
   224 | D:6      | Reached XP level 4. HP: 27/27 MP: 6/6
   253 | D:6      | Noticed an ogre
   411 | D:7      | Noticed a water moccasin
   443 | D:7      | Noticed a centaur
   447 | D:7      | Gained mutation: You have hidden genetic potential. [potion
                  | of mutation]
   447 | D:7      | Gained mutation: Your skin changes colour to match your
                  | surroundings (Stealth+). [potion of mutation]
   447 | D:7      | Gained mutation: You are robust. (+10% HP) [potion of
                  | mutation]
   690 | D:7      | Noticed a scorpion
   695 | D:7      | Killed a scorpion
   696 | D:7      | Reached XP level 5. HP: 34/34 MP: 7/7
   718 | D:7      | Noticed a necrophage
   720 | D:7      | Killed a necrophage
   723 | D:7      | Gained mutation: You have a pair of small horns on your
                  | head. [hidden potential]
   726 | D:7      | Noticed a water moccasin
   728 | D:7      | Noticed a sky beast
   753 | D:8      | Reached skill level 5 in Dodging
   753 | D:8      | Reached XP level 6. HP: 39/39 MP: 8/8
   757 | D:8      | Learned a level 3 spell: Gell's Gravitas
   811 | D:8      | Found a shimmering blue altar of Sif Muna.
   811 | D:8      | Noticed a steam dragon
  1194 | D:8      | Identified the cursed +0 leather armour "Shattered Seeker"
                  | {Comp, Cun}
  1488 | D:8      | Reached skill level 1 in Spellcasting
  1488 | D:8      | Reached skill level 1 in Translocations
  1502 | D:8      | Gained mutation: Your system is resistant to poisons.
                  | (rPois) [hidden potential]
  1502 | D:8      | Lost mutation: You have hidden genetic potential. [hidden
                  | potential expressed]
  1732 | D:8      | Identified the +8 quarterstaff "Wopovi" {freeze, *Corrode
                  | rPois Int+4}
  1856 | D:8      | Reached skill level 8 in Stealth
  1856 | D:8      | Reached XP level 7. HP: 40/44 MP: 11/11
  1932 | D:8      | Noticed a wyvern
  1944 | D:8      | Mangled by a wyvern

Illustrated notes

Levels and vault maps discovered:
D:5:      layout_loops_ring, gammafunk_temple_overflow_forgotten,
          chequers_serial_rivers_large_a, uniq_eustachio
D:6:      layout_cave_pools, minmay_temple_entry_stoned_glass, serial_shops,
          nicolae_shop_window_shopping
D:7:      layout_loops_cross, grunt_temple_overflow_order_and_chaos_1,
          minmay_fractal_squares_diagonal_5, uniq_maggie
D:8:      layout_basic, lemuel_round_altar, minivault_25, minmay_crystal_room

Skill      XL: |  1  2  3  4  5  6 |
---------------+-------------------+-----
Dodging        | 3 4 5 |  5.3
Short Blades   | 3 4 |  4.3
Stealth        | 7 8 |  8.0
Spellcasting   | 1 |  1.8
Translocations | 1 |  1.3
Fighting       | |  2.4
Staves         | |  0.4
Bows           | |  0.6

Action                   |  1- 3 |  4- 6 |  7- 9 || total
-------------------------+-------+-------+-------++-------
Melee: Short sword       |     3 |    80 |       ||    83
       Headbutt          |       |     5 |       ||     5
       Quarterstaff      |       |       |     6 ||     6
 Fire: Shortbow          |       |     5 |     4 ||     9
Invok: Curse Item        |       |     1 |       ||     1
Evoke: Wand              |       |     1 |       ||     1
  Use: Potion            |       |     3 |     1 ||     4
       Scroll            |       |     2 |       ||     2
 Stab: Sleeping          |     3 |     4 |       ||     7
Armor: Leather armour    |       |    11 |     2 ||    13
       Skin              |       |    16 |       ||    16
Dodge: Dodged            |       |    51 |     6 ||    57

Table legend: (Time is in decaauts)
 A = Elapsed time spent in this place.
 B = Non-inter-level travel time spent in this place.
 C = Inter-level travel time spent in this place.
 D = Time resting spent in this place.
 E = Time spent auto-exploring this place.
 F = Levels seen in this place.
 G = Mean time per level.
                   A        B        C        D        E       F      G
               +--------+--------+--------+--------+--------+-----+--------+
         Total |   1936 |   1936 |      0 |    700 |    623 |   4 |  484.0 |
       Dungeon |   1936 |   1936 |      0 |    700 |    623 |   4 |  484.0 |
               +--------+--------+--------+--------+--------+-----+--------+

Top non-repeatable levels by time:
     D:8: 1200 daAuts
     D:7: 388 daAuts
     D:6: 196 daAuts
     D:5: 151 daAuts
